[Event "Thursday Night Engine Tour 11 Rd Swiss 5m+1s Starts at 2200hrs ST"]
[Site "Infinity Chess"]
[Date "2018.1.18"]
[Round "7"]
[White "ludimilojko"]
[Black "KULLANI"]
[Result "1/2-1/2"]
[ECO "C50"]
[WhiteElo "2380"]
[BlackElo "2446"]
[WhiteEngine "CorChess 2.0_x64_CTG"]
[BlackEngine "BrainFish_180113_x64_CTG"]
[EventType "Swiss"]
[WhiteTeam ""]
[BlackTeam ""]
[PlyCount "80"]
[TimeControl "300+1"]

1. e4 e5 2. Nf3 Nc6 3. Bc4 Bc5 4. d3 Nf6 5. c3 O-O 6. O-O d5 7. exd5 Nxd5 
8. a4 a6 9. Nbd2 Kh8 10. Ne4 Be7 11. a5 f5 12. Neg5 h6 13. Qb3 Nxc3 
14. bxc3 hxg5 15. Re1 g4 16. Nxe5 Nxe5 17. Rxe5 Bd6 18. Re1 Rb8 19. d4 f4 
20. Ba3 Bf5 21. Bxd6 cxd6 22. Be6 Qh4 23. Qd5 Bxe6 24. Rxe6 g3 25. fxg3 fxg3 
26. hxg3 Qxg3 27. Qh5+ Kg8 28. Rae1 Qf2+ 29. Kh2 Qf5 30. Qxf5 Rxf5 31. Rxd6 Rxa5 
32. c4 b6 33. Kg3 Ra4 34. Rc1 Rc8 35. Kf4 Rcxc4 36. Rxc4 Rxc4 37. Ke5 Rc2 
38. Rxb6 Rxg2 39. d5 Kf7 40. Rxa6 Rg5+ 1/2-1/2

[Event "Thursday Night Engine Tour 11 Rd Swiss 5m+1s Starts at 2200hrs ST"]
[Site "Infinity Chess"]
[Date "2018.1.18"]
[Round "7"]
[White "star99"]
[Black "OlivierEvan"]
[Result "1-0"]
[ECO "D33"]
[WhiteElo "2472"]
[BlackElo "2433"]
[WhiteEngine "Cryptic AIL V1"]
[BlackEngine "Houdini 6"]
[EventType "Swiss"]
[WhiteTeam ""]
[BlackTeam ""]
[PlyCount "233"]
[TimeControl "300+1"]

1. d4 d5 2. c4 e6 3. Nc3 c5 4. cxd5 exd5 5. Nf3 Nc6 6. g3 cxd4 7. Nxd4 Nf6 
8. Be3 Bd6 9. Bg2 O-O 10. O-O Be6 11. Qb3 Na5 12. Qd1 Nc6 13. Nxe6 fxe6 
14. Nb5 Re8 15. Nxd6 Qxd6 16. Rc1 Rad8 17. Qb3 Qe7 18. Bg5 Qf7 19. Bxf6 gxf6 
20. Rfd1 Rd7 21. f4 Red8 22. a3 a6 23. Rc5 Kg7 24. Qd3 Qg6 25. Qc3 h5 
26. Kh1 Qf7 27. Qd2 f5 28. Bf3 Kh6 29. Rg1 Qf6 30. e3 Rg8 31. Qg2 Rdg7 
32. Qh3 Rh7 33. Rc2 Kg7 34. Be2 a5 35. Qf1 Kh8 36. h4 Qd8 37. Qd1 Qb6 
38. Qd2 Kg7 39. Qc3+ Kg6 40. Qc5 Qd8 41. Bf3 Kh6 42. Qb5 Qe7 43. Qe2 Rhg7 
44. Kh2 Rd8 45. Qb5 Rg6 46. Qd3 Rgg8 47. Rd2 Rc8 48. Qe2 Qe8 49. Rd3 Nb8 
50. Qd2 Nc6 51. Rc3 Qf7 52. Be2 Rg7 53. Bb5 Qe7 54. Rc2 Qf6 55. Rg2 Rgc7 
56. Rc3 Qd8 57. Ba4 Kg6 58. Bd1 Nb8 59. e4 fxe4 60. f5+ exf5 61. Rf2 Rxc3 
62. bxc3 Qf6 63. Qxd5 Rf8 64. Qxb7 Nc6 65. Bxh5+ Kh6 66. Bg4 Ne5 67. Be2 Ng6 
68. h5 Rf7 69. Qd5 Ne5 70. Kg2 Nc6 71. Qd2+ Kh7 72. Rf1 Qh6 73. Qxh6+ Kxh6 
74. Rd1 Ne5 75. Rd5 Ng4 76. Kh3 Ne3 77. Rxa5 Kg5 78. Ra8 Rg7 79. a4 Nd5 
80. a5 Nxc3 81. Ra6 Nd5 82. Rc6 Nf6 83. Rc5 Rd7 84. g4 Nd5 85. Kg3 Ne3 
86. gxf5 Ra7 87. f6+ Nf5+ 88. Kf2 Kxf6 89. Bg4 Nd6 90. Kg3 Rb7 91. a6 Ra7 
92. Ra5 Ne8 93. Rf5+ Ke7 94. h6 Nd6 95. Re5+ Kf7 96. Be2 Kg8 97. Kf4 Rf7+ 
98. Kg5 Kh7 99. Re6 Rd7 100. Kf4 Kg8 101. Bh5 Kh7 102. Bg6+ Kh8 103. a7 Rxa7 
104. Rxd6 Ra8 105. Bxe4 Re8 106. Rd7 Rb8 107. Kg5 Rc8 108. Bg6 Rb8 109. Re7 Rb5+ 
110. Bf5 Rb8 111. Be6 Rf8 112. Kh5 Rf6 113. Re8+ Kh7 114. Bg8+ Kh8 115. Bd5+ Kh7 
116. Be4+ Rg6 117. Bxg6# 1-0

[Event "Thursday Night Engine Tour 11 Rd Swiss 5m+1s Starts at 2200hrs ST"]
[Site "Infinity Chess"]
[Date "2018.1.18"]
[Round "7"]
[White "Coco69"]
[Black "neófito"]
[Result "1/2-1/2"]
[ECO "C58"]
[WhiteElo "2493"]
[BlackElo "2497"]
[WhiteEngine "Raubfisch X37b3._CTG"]
[BlackEngine "BrainFish_180113_x64_bmi2"]
[EventType "Swiss"]
[WhiteTeam ""]
[BlackTeam ""]
[PlyCount "121"]
[TimeControl "300+1"]

1. e4 e5 2. Nf3 Nc6 3. Bc4 Nf6 4. Ng5 d5 5. exd5 Na5 6. Bb5+ c6 7. dxc6 bxc6 
8. Be2 h6 9. Nh3 Bd6 10. d3 O-O 11. Nc3 Qe7 12. O-O Bc7 13. Kh1 Rb8 14. Bf3 c5 
15. Re1 Qd6 16. Ne4 Nxe4 17. dxe4 Qf6 18. Bg4 Rd8 19. Qe2 Ba6 20. Qf3 Qxf3 
21. Bxf3 c4 22. c3 Bb7 23. Bg4 Bc6 24. f3 Bb6 25. f4 Nb7 26. fxe5 Nc5 
27. Nf2 Nd7 28. Bxd7 Bxd7 29. Nd1 Ba4 30. Bf4 g5 31. Bg3 Rd2 32. e6 Rf8 
33. Ne3 Bxe3 34. exf7+ Kxf7 35. Rxe3 Ke6 36. Kg1 Rxb2 37. Rf3 Rxf3 38. gxf3 h5 
39. Bf2 a5 40. h4 gxh4 41. Bxh4 Rc2 42. Be1 Ke5 43. Bg3+ Kf6 44. Bc7 Rxc3 
45. Kf2 Rd3 46. Rh1 c3 47. Rxh5 Bd1 48. Rf5+ Ke7 49. Be5 a4 50. Bf6+ Ke6 
51. Bg5 c2 52. Bc1 Bxf3 53. Rxf3 Rd1 54. Be3 c1=Q 55. Bxc1 Rxc1 56. Ra3 Rc2+ 
57. Ke3 Ke5 58. Rxa4 Rc3+ 59. Kd2 Rh3 60. a3 Kf4 61. e5+ 1/2-1/2

[Event "Thursday Night Engine Tour 11 Rd Swiss 5m+1s Starts at 2200hrs ST"]
[Site "Infinity Chess"]
[Date "2018.1.18"]
[Round "7"]
[White "Victorious"]
[Black "incredible"]
[Result "1/2-1/2"]
[ECO "B30"]
[WhiteElo "2537"]
[BlackElo "2504"]
[WhiteEngine "BugChess2.41_Release"]
[BlackEngine "Stockfish_x64_bmi2"]
[EventType "Swiss"]
[WhiteTeam ""]
[BlackTeam ""]
[PlyCount "154"]
[TimeControl "300+1"]

1. e4 c5 2. Nf3 Nc6 3. Nc3 e6 4. d4 cxd4 5. Nxd4 Nf6 6. Nxc6 bxc6 7. e5 Nd5 
8. Ne4 Bb7 9. Be2 c5 10. O-O Qc7 11. Nd6+ Bxd6 12. exd6 Qc6 13. f3 Nb6 
14. c4 Nc8 15. Bf4 f6 16. Bg3 e5 17. Bd3 Nxd6 18. Qc2 g6 19. Rae1 Rf8 
20. Rf2 Kf7 21. b4 Kg7 22. b5 Qc7 23. Qc3 Nf7 24. a4 d6 25. Bc2 Rae8 26. a5 Bc8 
27. Be4 Bb7 28. Bc2 Bc8 29. h3 Kg8 30. Rb1 Ng5 31. b6 axb6 32. Rxb6 Bb7 
33. Ba4 Rb8 34. Rd2 Nf7 35. Bh4 Ba8 36. Rxb8 Rxb8 37. Bxf6 Rb4 38. Be8 Qxa5 
39. Kh2 Qa6 40. Bxf7+ Kxf7 41. Bg5 h6 42. Bxh6 Qxc4 43. Qa1 Ra4 44. Qd1 Qb5 
45. f4 exf4 46. Rxd6 Rd4 47. Rxd4 cxd4 48. Qxd4 f3 49. Qg7+ Ke6 50. Qxg6+ Kd7 
51. Qf7+ Kd8 52. Qg8+ Kd7 53. Qf7+ Kd8 54. gxf3 Qe5+ 55. f4 Qe2+ 56. Kg3 Qe1+ 
57. Kg4 Qd1+ 58. Kg5 Qd5+ 59. Kg6 Qd6+ 60. Kg7 Qd4+ 61. Kg6 Qd6+ 62. Kg7 Qd4+ 
63. Qf6+ Qxf6+ 64. Kxf6 Ke8 65. h4 Bg2 66. f5 Be4 67. Bg5 Kf8 68. Kg6 Bc6 
69. Bf4 Kg8 70. Bb8 Bd7 71. Kf6 Bc8 72. Bd6 Bd7 73. Ba3 Kh7 74. Bc1 Kg8 
75. h5 Kh8 76. Kg6 Kg8 77. Bd2 Bc6 1/2-1/2

[Event "Thursday Night Engine Tour 11 Rd Swiss 5m+1s Starts at 2200hrs ST"]
[Site "Infinity Chess"]
[Date "2018.1.18"]
[Round "7"]
[White "BraveDevil"]
[Black "Zor"]
[Result "0-1 "]
[ECO "A50"]
[WhiteElo "2513"]
[BlackElo "2570"]
[WhiteEngine "Cryptic AIL V1"]
[BlackEngine "Cryptic AIL V1"]
[EventType "Swiss"]
[WhiteTeam ""]
[BlackTeam ""]
[PlyCount "223"]
[TimeControl "300+1"]

1. d4 Nf6 2. c4 c6 3. Nc3 d5 4. Nf3 e6 5. Bg5 h6 6. Bh4 dxc4 7. e4 b5 8. e5 g5 
9. Nxg5 hxg5 10. Bxg5 Nbd7 11. exf6 Bb7 12. h4 Qa5 13. a4 b4 14. Ne4 Nb6 
15. Qc1 O-O-O 16. f3 Rxd4 17. Be3 b3+ 18. Kf2 Qe5 19. Bf4 Qd5 20. Rh3 Nd7 
21. Be3 Bb4 22. Kg1 Ne5 23. h5 c5 24. Rh4 Qd7 25. h6 Bxe4 26. Rxe4 Qd5 
27. Bxd4 cxd4 28. Rxe5 Qxe5 29. Qxc4+ Kd8 30. Qe2 Qxf6 31. Qe4 Bc5 32. Rc1 Qg5 
33. Rxc5 Qxc5 34. Qa8+ Qc8 35. Qxa7 Ke8 36. Qxd4 Rxh6 37. Bc4 Ke7 38. Bxb3 Qc1+ 
39. Kf2 Rh1 40. Qb4+ Kf6 41. Qd4+ Kg6 42. Qe4+ Kg7 43. Qd4+ f6 44. Qb4 Qxb2+ 
45. Ke3 Qc1+ 46. Kd3 Qb1+ 47. Ke3 e5 48. Qe7+ Kg6 49. Qe8+ Kf5 50. Qc8+ Kg5 
51. Qg8+ Qg6 52. Qc8 Qb1 53. Qg8+ Qg6 54. Qc8 Qg7 55. Qg4+ Kh6 56. Qc8 Kg5 
57. Qg4+ Kh6 58. Qc8 Kh5 59. g3 Kg5 60. Qg4+ Kh6 61. Qxg7+ Kxg7 62. g4 Kf8 
63. Kd3 Ke7 64. Kc4 Rb1 65. a5 Kd6 66. a6 Kc7 67. Bc2 Rc1 68. Kb3 Kb6 
69. Bd3 Ra1 70. Kb4 Ra2 71. Kc4 Rd2 72. Kc3 Rd1 73. Kc2 Re1 74. Kd2 Ra1 
75. Ke3 Ra3 76. g5 fxg5 77. Ke4 Kc6 78. Be2 Kc5 79. Bf1 Kd6 80. Bd3 Ke6 
81. Bc4+ Kf6 82. Bb5 Ra5 83. Bd3 Ra4+ 84. Ke3 Kg7 85. Bf1 e4 86. fxe4 Ra3+ 
87. Kf2 Kf6 88. Bc4 Ke5 89. Bd5 Rxa6 90. Kg3 Ra1 91. Kg4 Kf6 92. Bc4 Rc1 
93. Bb5 Rb1 94. Be8 Rg1+ 95. Kf3 Ke5 96. Bd7 Re1 97. Kg4 Kf6 98. Bc6 Kg6 
99. Kg3 Rg1+ 100. Kh3 Kf6 101. Kh2 Rc1 102. Bd5 Rc3 103. Kg1 Ke5 104. Kg2 g4 
105. Bb7 Kf4 106. Kf1 Kf3 107. e5+ Kg3 108. Ke2 Rc5 109. e6 Re5+ 110. Kd3 Kf4 
111. Bg2 Rxe6 112. Bf1 0-1

[Event "Thursday Night Engine Tour 11 Rd Swiss 5m+1s Starts at 2200hrs ST"]
[Site "Infinity Chess"]
[Date "2018.1.18"]
[Round "6"]
[White "RonWeasley"]
[Black "tris77"]
[Result "1/2-1/2"]
[ECO "B95"]
[WhiteElo "2476"]
[BlackElo "2411"]
[WhiteEngine "BrainFish 130117_CTG"]
[BlackEngine "Raubfisch X37b_CTG"]
[EventType "Swiss"]
[WhiteTeam ""]
[BlackTeam ""]
[PlyCount "68"]
[TimeControl "300+1"]

1. e4 c5 2. Nf3 d6 3. d4 cxd4 4. Nxd4 Nf6 5. Nc3 a6 6. Bg5 e6 7. Qf3 Nbd7 
8. O-O-O Be7 9. g4 h6 10. Qh3 b5 11. Nc6 Qc7 12. Nxe7 Kxe7 13. Bxf6+ gxf6 
14. Bg2 b4 15. Ne2 Bb7 16. Nd4 Qb6 17. Rhf1 a5 18. f4 Rab8 19. Kb1 a4 20. Rd2 a3 
21. Nb3 Qc7 22. e5 dxe5 23. Bxb7 Rxb7 24. Rfd1 Nc5 25. f5 Nxb3 26. Qxb3 exf5 
27. Rd7+ Qxd7 28. Rxd7+ Rxd7 29. Qxb4+ Rd6 30. gxf5 axb2 31. Qb7+ Rd7 
32. Qb4+ Rd6 33. Qb7+ Rd7 34. Qb4+ Rd6 1/2-1/2

[Event "Thursday Night Engine Tour 11 Rd Swiss 5m+1s Starts at 2200hrs ST"]
[Site "Infinity Chess"]
[Date "2018.1.18"]
[Round "6"]
[White "OlivierEvan"]
[Black "Dovahkiin"]
[Result "1/2-1/2"]
[ECO "B90"]
[WhiteElo "2433"]
[BlackElo "2437"]
[WhiteEngine "Houdini 6"]
[BlackEngine "BrainFish_180113_x64_modern_CTG"]
[EventType "Swiss"]
[WhiteTeam ""]
[BlackTeam ""]
[PlyCount "272"]
[TimeControl "300+1"]

1. e4 c5 2. Nf3 d6 3. d4 cxd4 4. Nxd4 Nf6 5. Nc3 a6 6. Be3 e5 7. Nb3 Be6 
8. f3 h5 9. Qd2 Nbd7 10. Nd5 Bxd5 11. exd5 g6 12. Be2 Bg7 13. O-O b6 14. c4 O-O 
15. Rae1 Re8 16. Bf2 Qc7 17. Bd3 Kh7 18. a4 Bh6 19. Qd1 Bg5 20. Nd2 Nc5 
21. Bc2 Kg7 22. h4 Bh6 23. g4 hxg4 24. fxg4 Bf4 25. b4 Ncd7 26. g5 Nh5 
27. Ne4 a5 28. bxa5 Rxa5 29. Qf3 Rf8 30. Qb3 Rfa8 31. Qc3 Nc5 32. Nf6 Rh8 
33. Nxh5+ Rxh5 34. Ra1 Nd7 35. Be1 Kg8 36. Ra3 Rh7 37. Kg2 Ra8 38. Bd1 Rf8 
39. Bg4 Nc5 40. Qc2 Ra8 41. Bf2 Qa7 42. Bh3 Qe7 43. Bg4 Kg7 44. Rh3 Rah8 
45. Qe2 Nxa4 46. Be1 Kf8 47. Rff3 Nc5 48. Bf2 f5 49. gxf6 Qxf6 50. Ra3 Re7 
51. Qb2 Ne4 52. Be1 Kg7 53. Qxb6 Rf8 54. Rhf3 Qf7 55. Qb1 Nc5 56. Bc3 Rb7 
57. Qe1 Rfb8 58. Qe2 Rb1 59. Rh3 Qe7 60. Ra5 Rc1 61. Ra1 Rxa1 62. Bxa1 Rb1 
63. Bc3 Qd8 64. Qf2 Rc1 65. Bd1 Kg8 66. Qe2 Qb6 67. Bd4 Qb1 68. Bxc5 Rxd1 
69. Bf2 Rd2 70. Qg4 Qf5 71. Qxf5 gxf5 72. Kf1 Rc2 73. c5 dxc5 74. d6 e4 
75. d7 Rd2 76. Rc3 Kf7 77. Rxc5 Ke6 78. Rc6+ Kxd7 79. Rf6 Rd5 80. h5 Ke7 
81. Rb6 Rd1+ 82. Kg2 Rd2 83. Kg1 Rd1+ 84. Kg2 Rd2 85. Kg1 e3 86. Bh4+ Kd7 
87. h6 Rh2 88. Bg5 e2 89. Rb1 Bg3 90. Bd2 f4 91. h7 Kc6 92. Bxf4 Bxf4 
93. Re1 Be5 94. h8=Q Rxh8 95. Rxe2 Kd5 96. Kg2 Rg8+ 97. Kf2 Rf8+ 98. Ke3 Bd4+ 
99. Kd2 Rf3 100. Re8 Rg3 101. Kc2 Kc4 102. Rc8+ Bc5 103. Rd8 Ra3 104. Rc8 Ra2+ 
105. Kd1 Rg2 106. Kc1 Rg1+ 107. Kc2 Rg2+ 108. Kc1 Kd5 109. Re8 Kd4 110. Rd8+ Kc3 
111. Kd1 Bd4 112. Rf8 Kd3 113. Rf3+ Be3 114. Ke1 Ke4 115. Rh3 Kf4 116. Kf1 Rf2+ 
117. Ke1 Rg2 118. Kf1 Rf2+ 119. Ke1 Rc2 120. Rh4+ Kf3 121. Rh3+ Ke4 122. Rg3 Kd3 
123. Kf1 Rd2 124. Rf3 Rh2 125. Rf7 Ke4 126. Ke1 Bd2+ 127. Kd1 Bc3 128. Rf8 Rd2+ 
129. Kc1 Rg2 130. Rf1 Bg7 131. Rf7 Ke3 132. Rd7 Bc3 133. Rd8 Bb4 134. Rd7 Bc5 
135. Rh7 Re2 136. Rh3+ Ke4 1/2-1/2

[Event "Thursday Night Engine Tour 11 Rd Swiss 5m+1s Starts at 2200hrs ST"]
[Site "Infinity Chess"]
[Date "2018.1.18"]
[Round "6"]
[White "KULLANI"]
[Black "star99"]
[Result "1/2-1/2"]
[ECO "B90"]
[WhiteElo "2445"]
[BlackElo "2473"]
[WhiteEngine "BrainFish_180113_x64_CTG"]
[BlackEngine "Cryptic AIL V1"]
[EventType "Swiss"]
[WhiteTeam ""]
[BlackTeam ""]
[PlyCount "222"]
[TimeControl "300+1"]

1. e4 c5 2. Nf3 d6 3. d4 cxd4 4. Nxd4 Nf6 5. Nc3 a6 6. Be3 e5 7. Nb3 Be7 
8. Be2 Be6 9. Qd3 Nc6 10. a3 Rc8 11. Nd5 O-O 12. Nb6 Rb8 13. O-O-O Nd7 
14. Nxd7 Bxd7 15. Nc5 Bc8 16. Na4 b5 17. Nc3 Be6 18. Kb1 b4 19. Nd5 bxa3 
20. Qxa3 Bxd5 21. exd5 Na5 22. Kc1 Nb7 23. h4 Bxh4 24. Rh3 h6 25. Rdh1 Bg5 
26. Bxg5 Qxg5+ 27. Qe3 f6 28. Rg3 Qxe3+ 29. Rxe3 Nc5 30. Ra3 Rf7 31. b3 Ra7 
32. Rh4 e4 33. f3 Rc7 34. Kd1 exf3 35. Bxf3 Rcb7 36. Kd2 f5 37. Kc3 Re7 
38. Kd2 g5 39. Rxh6 g4 40. Rxd6 gxf3 41. gxf3 Rb5 42. Kc3 Nb7 43. Rg6+ Kf7 
44. Raxa6 Rxd5 45. Kb4 Nd8 46. Raf6+ Ke8 47. Rg8+ Kd7 48. c4 Rd3 49. Rxf5 Nc6+ 
50. Kc5 Kc7 51. Rg6 Nd4 52. Rd5 Nxb3+ 53. Kb5 Nd4+ 54. Kc5 Kb7 55. Rb6+ Kc8 
56. Rc6+ Kb7 57. Rb6+ Kc8 58. Rc6+ Nxc6 59. Rxd3 Kc7 60. Rd6 Nb8 61. Rd5 Nd7+ 
62. Kd4 Rf7 63. Ke3 Nb6 64. Rd4 Kc6 65. Ke4 Kc5 66. Rd8 Kxc4 67. f4 Re7+ 
68. Kf5 Re1 69. Rb8 Kc5 70. Rd8 Nd5 71. Rc8+ Kd6 72. Rd8+ Kc5 73. Rc8+ Kd6 
74. Rd8+ Kc6 75. Ra8 Rf1 76. Ra4 Kd6 77. Rd4 Rf3 78. Rc4 Ra3 79. Re4 Ra1 
80. Re6+ Kd7 81. Re5 Ra5 82. Kg5 Kd6 83. Re4 Nc3+ 84. Re5 Ra1 85. Re3 Nd5 
86. Re4 Kd7 87. Kg6 Ra6+ 88. Kf7 Rb6 89. Rc4 Rf6+ 90. Kg7 Rf5 91. Kg6 Ne7+ 
92. Kg7 Nd5 93. Kg6 Ne7+ 94. Kg7 Ke8 95. Ra4 Rf7+ 96. Kh6 Rf6+ 97. Kh5 Rg6 
98. Ra5 Rg1 99. Rg5 Ra1 100. Rb5 Kf7 101. Kg4 Nc6 102. Rd5 Ke6 103. Rd3 Ne7 
104. Re3+ Kf6 105. Rd3 Nf5 106. Rh3 Rf1 107. Rd3 Ke6 108. Rd8 Rg1+ 109. Kf3 Nh4+ 
110. Ke3 Re1+ 111. Kf2 Ra1 1/2-1/2

[Event "Thursday Night Engine Tour 11 Rd Swiss 5m+1s Starts at 2200hrs ST"]
[Site "Infinity Chess"]
[Date "2018.1.18"]
[Round "6"]
[White "neófito"]
[Black "BraveDevil"]
[Result "1/2-1/2"]
[ECO "B90"]
[WhiteElo "2496"]
[BlackElo "2514"]
[WhiteEngine "BrainFish_180113_x64_bmi2"]
[BlackEngine "Cryptic AIL V1"]
[EventType "Swiss"]
[WhiteTeam ""]
[BlackTeam ""]
[PlyCount "72"]
[TimeControl "300+1"]

1. e4 c5 2. Nf3 d6 3. d4 cxd4 4. Nxd4 Nf6 5. Nc3 a6 6. Be3 e5 7. Nf3 Be7 
8. Bc4 O-O 9. O-O Be6 10. Bxe6 fxe6 11. Na4 Ng4 12. Qd3 b5 13. Nb6 Ra7 
14. Nd5 Nxe3 15. Qxe3 Rb7 16. Nxe7+ Qxe7 17. Rad1 Nd7 18. Rd2 Rfb8 19. c3 Nf6 
20. Rfd1 Rb6 21. h3 Qc7 22. a3 a5 23. Nh2 Nd7 24. Ng4 a4 25. Qg5 Nc5 26. f3 Rf8 
27. h4 Kh8 28. h5 h6 29. Nxh6 gxh6 30. Qxh6+ Kg8 31. Rxd6 Rxd6 32. Rxd6 Qxd6 
33. Qg6+ Kh8 34. Qh6+ Kg8 35. Qg6+ Kh8 36. Qh6+ Kg8 1/2-1/2

[Event "Thursday Night Engine Tour 11 Rd Swiss 5m+1s Starts at 2200hrs ST"]
[Site "Infinity Chess"]
[Date "2018.1.18"]
[Round "6"]
[White "ocirema"]
[Black "Victorious"]
[Result "1/2-1/2"]
[ECO "D30"]
[WhiteElo "2485"]
[BlackElo "2539"]
[WhiteEngine "stockfish_18011309_x64_modern_CTG"]
[BlackEngine "BugChess2.41_Release"]
[EventType "Swiss"]
[WhiteTeam ""]
[BlackTeam ""]
[PlyCount "61"]
[TimeControl "300+1"]

1. d4 d5 2. c4 e6 3. Nf3 Nf6 4. Nc3 c6 5. Bg5 h6 6. Bxf6 Qxf6 7. e3 Nd7 
8. Be2 g6 9. O-O Bg7 10. e4 dxe4 11. Nxe4 Qf4 12. Qc2 f5 13. Ned2 c5 14. g3 Qc7 
15. Nh4 Bxd4 16. Nxg6 Rg8 17. Nh4 Nf6 18. Ndf3 Rxg3+ 19. hxg3 Qxg3+ 20. Ng2 Ng4 
21. Qd2 Bxf2+ 22. Rxf2 Qxf2+ 23. Kh1 Bd7 24. Rf1 Qg3 25. Qe1 Qxe1 26. Nfxe1 Ne5 
27. Nf3 Ng4 28. Nfh4 Ne5 29. Nf3 Ng4 30. Nfe1 Ne5 31. Nf3 1/2-1/2

[Event "Thursday Night Engine Tour 11 Rd Swiss 5m+1s Starts at 2200hrs ST"]
[Site "Infinity Chess"]
[Date "2018.1.18"]
[Round "6"]
[White "incredible"]
[Black "Coco69"]
[Result "1/2-1/2"]
[ECO "D31"]
[WhiteElo "2504"]
[BlackElo "2493"]
[WhiteEngine "Stockfish_x64_bmi2"]
[BlackEngine "Raubfisch X37b3._CTG"]
[EventType "Swiss"]
[WhiteTeam ""]
[BlackTeam ""]
[PlyCount "112"]
[TimeControl "300+1"]

1. d4 d5 2. c4 e6 3. Nc3 c6 4. Nf3 Nf6 5. Bg5 h6 6. Bxf6 Qxf6 7. e3 Nd7 
8. Bd3 dxc4 9. Bxc4 g6 10. O-O Bg7 11. e4 e5 12. d5 Nb6 13. Nd2 O-O 14. Bb3 h5 
15. Qe2 Bg4 16. f3 Bd7 17. Qf2 Rfd8 18. Kh1 Be8 19. Rae1 Rac8 20. a4 Bf8 
21. g3 Bb4 22. f4 exf4 23. e5 Qf5 24. d6 c5 25. Qxf4 Qxf4 26. gxf4 Bc6+ 
27. Nf3 Re8 28. Kg2 Rcd8 29. Kg3 Kg7 30. Rg1 a6 31. Rd1 Bxc3 32. bxc3 Nxa4 
33. Bxa4 Bxa4 34. Ra1 Bc6 35. Ra5 Bb5 36. Rb1 Rb8 37. f5 gxf5 38. Rg1 f6 
39. c4 Bd7 40. Rxc5 Rbc8 41. Rxc8 Rxc8 42. Kf4+ Kh6 43. exf6 Rxc4+ 44. Ke3 f4+ 
45. Kd3 Bb5 46. d7 Rc7+ 47. Ke4 Bxd7 48. Ne5 Be6 49. Kxf4 a5 50. Rg6+ Kh7 
51. Rg5 a4 52. Rxh5+ Kg8 53. Rg5+ Kf8 54. Rh5 Kg8 55. Rg5+ Kf8 56. Rh5 Kg8 
1/2-1/2

[Event "Thursday Night Engine Tour 11 Rd Swiss 5m+1s Starts at 2200hrs ST"]
[Site "Infinity Chess"]
[Date "2018.1.18"]
[Round "6"]
[White "Zor"]
[Black "klasman"]
[Result "1-0"]
[ECO "D31"]
[WhiteElo "2558"]
[BlackElo "2470"]
[WhiteEngine "Cryptic AIL V1"]
[BlackEngine "Raubfisch ME262_GTZ16b2_CTG"]
[EventType "Swiss"]
[WhiteTeam ""]
[BlackTeam ""]
[PlyCount "101"]
[TimeControl "300+1"]

1. d4 d5 2. c4 e6 3. Nc3 c6 4. e4 dxe4 5. Nxe4 Bb4+ 6. Bd2 Qxd4 7. Bxb4 Qxe4+ 
8. Be2 Qxg2 9. Bf3 Qg5 10. Ne2 Na6 11. Rg1 Qf6 12. Bc3 e5 13. Ng3 Qe7 14. Qd2 f6 
15. O-O-O Be6 16. Ne4 Kf8 17. Bh1 Qc7 18. f4 exf4 19. Nd6 Rd8 20. Qxf4 h5 
21. Be4 Nc5 22. Bc2 a5 23. Rd2 b6 24. a3 a4 25. Kb1 Rd7 26. Be5 Qd8 27. Re1 Bf7 
28. Nxf7 Kxf7 29. Bd6 Nh6 30. Bxc5 bxc5 31. Rg2 Kf8 32. Rge2 Nf7 33. Qf5 g5 
34. Re6 Rd6 35. Qxc5 Kg7 36. Re7 Rd7 37. Rxd7 Qxd7 38. Re7 Qc8 39. Qa7 Rf8 
40. Bxa4 g4 41. Bc2 h4 42. Qe3 Rg8 43. Ka2 g3 44. hxg3 h3 45. Qe4 Kf8 
46. Ra7 Qe8 47. Qf5 h2 48. Qh7 Rxg3 49. Qxh2 Qe5 50. Qh7 Qe6 51. Ra4 1-0

[Event "Thursday Night Engine Tour 11 Rd Swiss 5m+1s Starts at 2200hrs ST"]
[Site "Infinity Chess"]
[Date "2018.1.18"]
[Round "5"]
[White "RonWeasley"]
[Black "OlivierEvan"]
[Result "1/2-1/2"]
[ECO "B95"]
[WhiteElo "2478"]
[BlackElo "2431"]
[WhiteEngine "BrainFish 130117_CTG"]
[BlackEngine "Houdini 6"]
[EventType "Swiss"]
[WhiteTeam ""]
[BlackTeam ""]
[PlyCount "119"]
[TimeControl "300+1"]

1. e4 c5 2. Nf3 d6 3. d4 cxd4 4. Nxd4 Nf6 5. Nc3 a6 6. Bg5 e6 7. Qf3 Nbd7 
8. O-O-O Qc7 9. Bd3 Be7 10. Qg3 b5 11. Rhe1 h6 12. Bd2 b4 13. Nce2 Rb8 
14. Nf4 g5 15. Nfxe6 fxe6 16. Nxe6 Qa5 17. Bc4 Nb6 18. Bb3 Bxe6 19. Bxe6 Qe5 
20. Bb3 Qxg3 21. hxg3 Nbd7 22. Be3 Kd8 23. Bd4 Kc7 24. c3 Rhf8 25. Be6 bxc3 
26. Bxc3 Nc5 27. Bf5 Kc6 28. Re2 d5 29. Bxf6 Rxf6 30. Rxd5 Rd6 31. Rxd6+ Kxd6 
32. Rd2+ Kc6 33. e5 Rf8 34. Bc2 g4 35. Kd1 a5 36. a3 a4 37. Ke2 Rg8 38. Rd4 Rb8 
39. Bxa4+ Nxa4 40. Rxa4 Rxb2+ 41. Ke1 Kd5 42. Rxg4 Bc5 43. Rf4 Kxe5 44. Rf3 Ra2 
45. g4 Bxa3 46. g3 Bb2 47. Rf5+ Ke4 48. Rf4+ Kd3 49. Rf3+ Kc4 50. Kf1 Bd4 
51. Kg2 Kd5 52. g5 hxg5 53. Rf5+ Ke6 54. Rxg5 Rxf2+ 55. Kh3 Be5 56. Rg8 Ra2 
57. Re8+ Kf6 58. Rf8+ Kg5 59. Rg8+ Kh6 60. Re8 1/2-1/2

[Event "Thursday Night Engine Tour 11 Rd Swiss 5m+1s Starts at 2200hrs ST"]
[Site "Infinity Chess"]
[Date "2018.1.18"]
[Round "5"]
[White "Dovahkiin"]
[Black "ludimilojko"]
[Result "1/2-1/2"]
[ECO "A00"]
[WhiteElo "2439"]
[BlackElo "2378"]
[WhiteEngine "BrainFish_180113_x64_modern_CTG"]
[BlackEngine "CorChess 2.0_x64_CTG"]
[EventType "Swiss"]
[WhiteTeam ""]
[BlackTeam ""]
[PlyCount "153"]
[TimeControl "300+1"]

1. e3 e5 2. e4 Nf6 3. Nc3 Bb4 4. Nf3 O-O 5. Nxe5 d5 6. Nd3 Bxc3 7. dxc3 dxe4 
8. Nf4 Qxd1+ 9. Kxd1 Nc6 10. Bd2 Rd8 11. Kc1 Ng4 12. Be1 b6 13. b3 Bb7 
14. Kb2 Rd6 15. Be2 Nge5 16. f3 exf3 17. gxf3 Ne7 18. Nd3 Bxf3 19. Bxf3 Nxf3 
20. Bg3 Rd7 21. Rhf1 Nd2 22. Rfe1 f6 23. Re2 Nf3 24. Rf1 Ng5 25. a4 Rf8 
26. c4 g6 27. h4 Nf5 28. Be1 Nf7 29. h5 Ng5 30. a5 Kg7 31. Nf4 c6 32. Rg1 Nd4 
33. Reg2 Ngf3 34. hxg6 Nxg1 35. Rxg1 Kg8 36. Bf2 c5 37. axb6 axb6 38. Nd5 b5 
39. gxh7+ Kxh7 40. Rh1+ Kg6 41. Rg1+ Kf5 42. Rf1 Kg5 43. Rg1+ Kh6 44. Rh1+ Kg7 
45. Rg1+ Kh6 46. Rh1+ Kg6 47. Rg1+ Kf7 48. Rf1 f5 49. Bxd4 cxd4 50. Rxf5+ Kg7 
51. Rg5+ Kh6 52. Rg4 bxc4 53. bxc4 Rb7+ 54. Kc1 Rf1+ 55. Kd2 Rb2 56. Nf4 Rbb1 
57. Nd3 Rfd1+ 58. Ke2 Rh1 59. Rxd4 Rh2+ 60. Ke3 Rxc2 61. Ke4 Rb8 62. Ke5 Kg7 
63. Nc5 Rc8 64. Kd6 Kg8 65. Rg4+ Kh7 66. Rd4 Kg8 67. Rg4+ Kf7 68. Rd4 Rc1 
69. Nd7 Ra1 70. Rf4+ Kg7 71. c5 Rd1+ 72. Ke7 Rc6 73. Rf7+ Kh8 74. Rf8+ Kg7 
75. Rf7+ Kh8 76. Rf8+ Kg7 77. Rf7+ 1/2-1/2

[Event "Thursday Night Engine Tour 11 Rd Swiss 5m+1s Starts at 2200hrs ST"]
[Site "Infinity Chess"]
[Date "2018.1.18"]
[Round "5"]
[White "tris77"]
[Black "KULLANI"]
[Result "1/2-1/2"]
[ECO "C77"]
[WhiteElo "2409"]
[BlackElo "2447"]
[WhiteEngine "Raubfisch X37b_CTG"]
[BlackEngine "BrainFish_180113_x64_CTG"]
[EventType "Swiss"]
[WhiteTeam ""]
[BlackTeam ""]
[PlyCount "91"]
[TimeControl "300+1"]

1. e4 e5 2. Nf3 Nc6 3. Bb5 a6 4. Ba4 Nf6 5. O-O Be7 6. Re1 b5 7. Bb3 O-O 
8. c3 d5 9. exd5 Nxd5 10. Nxe5 Nxe5 11. Rxe5 c6 12. d4 Bd6 13. Re1 Qh4 
14. g3 Qh3 15. Be3 Be6 16. Qf3 a5 17. a4 Rab8 18. axb5 Rxb5 19. Bc4 Rxb2 
20. Bf1 Qf5 21. Qxf5 Bxf5 22. Na3 Bxa3 23. Rxa3 Ra8 24. Rea1 a4 25. Rxa4 Rxa4 
26. Rxa4 h5 27. Ra8+ Kh7 28. Ra1 Nxc3 29. Bg2 Nd5 30. h4 Kg6 31. Bf3 f6 
32. Ra6 Bd7 33. Ra5 Bg4 34. Be4+ Bf5 35. Bf3 Nxe3 36. fxe3 Rb1+ 37. Kf2 Rb2+ 
38. Ke1 Bg4 39. Be4+ Kf7 40. Ra3 Re2+ 41. Kf1 Rd2 42. Bxc6 Rd1+ 43. Kg2 Rd2+ 
44. Kf1 Rd1+ 45. Kg2 Rd2+ 46. Kf1 1/2-1/2

[Event "Thursday Night Engine Tour 11 Rd Swiss 5m+1s Starts at 2200hrs ST"]
[Site "Infinity Chess"]
[Date "2018.1.18"]
[Round "5"]
[White "star99"]
[Black "Cepri"]
[Result "1/2-1/2"]
[ECO "D31"]
[WhiteElo "2473"]
[BlackElo "2468"]
[WhiteEngine "Cryptic AIL V1"]
[BlackEngine "asmFishW_12J18Mb_CTG"]
[EventType "Swiss"]
[WhiteTeam ""]
[BlackTeam ""]
[PlyCount "76"]
[TimeControl "300+1"]

1. d4 d5 2. c4 e6 3. Nc3 c6 4. e4 dxe4 5. Nxe4 Bb4+ 6. Bd2 Qxd4 7. Bxb4 Qxe4+ 
8. Be2 Na6 9. Ba5 b6 10. Qd6 Bd7 11. Bc3 f6 12. O-O-O O-O-O 13. Qa3 Kb7 
14. Bf3 Qf4+ 15. Rd2 Qc7 16. Ne2 e5 17. Rhd1 Nh6 18. Ng3 Bg4 19. Bxg4 Nxg4 
20. Ne4 Rxd2 21. Rxd2 Rd8 22. c5 Rxd2 23. Bxd2 Nxc5 24. Nxc5+ bxc5 25. Qxc5 Nxh2 
26. Be3 Ka8 27. Qc4 h5 28. f3 f5 29. Bg1 e4 30. fxe4 fxe4 31. Bxh2 Qxh2 
32. Qxc6+ Kb8 33. Qxe4 Qg1+ 34. Kc2 Qf2+ 35. Kb1 Qf1+ 36. Kc2 Qf2+ 37. Kb1 Qg1+ 
38. Kc2 Qf2+ 1/2-1/2